 Dungeon Crawl Stone Soup version 0.27-a0-1319-geec4fb4e21 (webtiles) character file.

Game seed: 12131697811012447297

6584 Demosthentine the Spear-Bearer (level 11, -14/89 HPs)
             Began as a Merfolk Gladiator on June 22, 2021.
             Was a High Priest of the Shining One.
             Demolished by a two-headed ogre (26 damage)
             ... on level 9 of the Dungeon.
             The game lasted 00:09:19 (12238 turns).

Demosthentine the Spear-Bearer (Merfolk Gladiator) Turns: 12238, Time: 00:09:20

Health: -14/89     AC: 13    Str: 16    XL:     11   Next: 1%
Magic:  14/14      EV: 18    Int:  7    God:    the Shining One [*****.]
Gold:   643        SH:  0    Dex: 16    Spells: 10/10 levels left

rFire    . . .     SeeInvis .   a - +1 trident (flame)
rCold    + . .     Faith    .   (no shield)
rNeg     + + .     Spirit   .   b - +0 leather armour
rPois    .         Reflect  .   c - +1 helmet
rElec    .         Harm     .   w - +1 cloak
rCorr    +         Rampage  .   (no gloves)
Will     .....                  y - +0 pair of boots
Stlth    +.........             (no amulet)
HPRegen  0.24/turn              i - ring of resist corrosion
MPRegen  0.14/turn              (no ring)

@: on berserk cooldown, slowed, glowing, very slow
A: (nimble swimmer 2), mertail, iridescent scales 2, cold resistance 1, dopey 1
a: Renounce Religion, Divine Shield, Cleansing Flame, Summon Divine Warrior


You were on level 9 of the Dungeon.
You worshipped the Shining One.
The Shining One was extremely pleased with you.
You visited 2 branches of the dungeon, and saw 11 of its levels.
You also visited: Sewer and Ossuary.

You collected 1385 gold pieces.
You spent 742 gold pieces at shops.

Inventory:

Hand Weapons
 a - a +1 trident of flaming (weapon)
 x - a +2 demon trident of electrocution
Armour
 b - a +0 leather armour (worn)
 c - a +1 helmet (worn)
 w - a +1 cloak (worn)
 y - a +0 pair of boots (worn)
Jewellery
 d - a +6 ring of dexterity
 f - a ring of flight
 i - a ring of resist corrosion (left hand)
Wands
 A - a wand of iceblast (9)
Scrolls
 l - a scroll of brand weapon
 m - 6 scrolls of teleportation
 n - 3 scrolls of magic mapping
 o - 3 scrolls of enchant armour
 p - a scroll of fog
 s - 2 scrolls of blinking
 B - 3 scrolls of amnesia
Potions
 e - 2 potions of magic
 g - 3 potions of mutation
 h - 3 potions of might
 j - a potion of cancellation
 k - a potion of brilliance
 r - a potion of haste {unknown}
 u - 3 potions of curing
 v - a potion of lignification
 z - 2 potions of ambrosia {unknown}
 C - a potion of attraction {unknown}


   Skills:
 + Level 9.3 Fighting
 + Level 12.2 Polearms
 - Level 2.0 Throwing
 - Level 5.3 Armour
 + Level 11.2 Dodging
 + Level 4.1 Invocations


You had 10 spell levels left.
You didn't know any spells.
Your spell library contained the following spells:

 Spells                   Type           Power      Damage    Failure   Level
 Animate Skeleton         Necr           0%         N/A       50%         1
 Corona                   Hex            0%         N/A       50%         1
 Pain                     Necr           0%         1d4       50%         1
 Ensorcelled Hibernation  Hex/Ice        0%         N/A       63%         2
 Confusing Touch          Hex            0%         N/A       86%         3
 Dazzling Flash           Conj/Hex       0%         N/A       86%         3
 Tukima's Dance           Hex            0%         N/A       86%         3
 Vampiric Draining        Necr           0%         2d6       86%         3
 Animate Dead             Necr           0%         N/A       99%         4
 Agony                    Necr           0%         N/A       100%        5


Dungeon Overview and Level Annotations

Branches:
Dungeon (10/15)            Temple (1/1) D:5           Sewer (visited)
Ossuary (visited)
   Lair: D:8-11         Orc: D:9-12

Altars:
Ashenzari
Cheibriados
Dithmenos
Elyvilon
Fedhas
Gozag
Hepliaklqana
Kikubaaqudgha
Makhleb
Nemelex Xobeh
Okawaru
Qazlal
Ru
Sif Muna
Trog
Uskayaw
Vehumet
Wu Jian
Xom
Yredelemnul
Zin
The Shining One

Shops:
D:1 [   D:6 (   D:7 [

Annotations:
D:5 1 runed translucent door


Innate Abilities, Weirdness & Mutations

((You are quick and stealthy near water. (Stealth+, EV+, Speed+++)))
Your lower body shifts to a powerful aquatic tail in water.
You are mostly covered in iridescent scales. (AC +4)
Your flesh is cold resistant. (rC+)
You are dopey. (Int -2)


Message History

The orc warrior hits you but does no damage.
There are monsters nearby!
You hit the orc warrior. You burn the orc warrior.
The orc warrior is moderately wounded.
The orc warrior misses you.
You hit the orc warrior. You burn the orc warrior.
The orc warrior is severely wounded.
The orc warrior closely misses you.
You hit the orc warrior but do no damage.
The orc warrior is severely wounded.
The orc warrior hits you but does no damage.
The two-headed ogre hits you with a +0 giant club!
The two-headed ogre misses you.
You hit the orc warrior. You burn the orc warrior.
The orc warrior is almost dead.
The orc warrior hits you with a +0 short sword.
You hit the orc warrior but do no damage.
The orc warrior is almost dead.
The two-headed ogre misses you. The two-headed ogre barely misses you.
The orc warrior barely misses you.
You hit the orc warrior but do no damage.
The orc warrior is almost dead.
The orc warrior hits you with a +0 short sword!
The two-headed ogre hits you with a +0 giant club!!
* * * LOW HITPOINT WARNING * * *
The two-headed ogre barely misses you.
Things that are here:
a +0 shortbow; 23 arrows; a centaur corpse The two-headed ogre hits you with a +0 giant club.
* * * LOW HITPOINT WARNING * * *
The two-headed ogre misses you.
Things that are here:
a +0 whip; 3 poisoned darts; a kobold corpse
Items here: ) [[ †††.
It was a potion of mutation.
You feel extremely strange.
You feel resistant to cold.
You feel stupid.
Iridescent scales grow over part of your body.
Iridescent scales spread over more of your body.
The two-headed ogre hits you with a +0 giant club!!
You die...

#............# #.
#'#..........# #.
Q..##.........###.
#..F. #..#####......
#ZK.. #..# #.. #..O.
#..# #..##.. #.#
##o.Z##..# ##..##..
#....#####).##
#...##..
.......@OZo.#
#...##..
###....###..#
#...##.. #.### #..#
#...##.. #.######..#
#...##..
.........#####.......
.....................
.....(.........####..
..######.#####.# #..
. #.# #.####..


You could see a two-headed ogre, an orc warrior and a howler monkey zombie.

Vanquished Creatures
  A two-headed ogre (D:6)
  A tengu warrior (D:9)
  The ghost of reversiblehash the Skirmisher, a novice DsFi (D:6)
  2 hornets
  The ghost of quinnr the Destroyer, an amateur TeAE (D:5)
  A wyvern (D:9)
  3 yaks (D:8)
  A steam dragon (D:8)
  2 water moccasins
  A sky beast (D:7)
  2 ice beasts
  2 orc warriors
  An ogre (D:5)
  A necrophage (D:8)
  4 centaurs
  3 elf zombies (Ossuary)
  A kobold brigand (D:9)
  4 bullfrogs
  A scorpion (D:6)
  5 killer bees
  8 wights (D:8)
  6 centaur zombies
  6 orc priests
  Crazy Yiuf (D:5)
  2 hounds
  4 jellies
  A centaur skeleton (D:6)
  2 human zombies (Ossuary)
  2 iguanas
  10 orc wizards
  2 hound zombies
  3 mummies (Ossuary)
  A howler monkey zombie (D:6)
  4 gnolls (D:7)
  A howler monkey skeleton (D:5)
  12 adders
  6 river rats
  2 ufetubi (D:5)
  3 adder zombies (Ossuary)
  A worm (D:2)
  2 dart slugs
  25 orcs
  8 endoplasms
  3 giant cockroaches
  A gnoll zombie (Ossuary)
  6 goblins
  5 hobgoblins
  7 quokkas
  16 ball pythons
  4 bats
  5 frilled lizards
  5 goblin zombies (Ossuary)
  2 hobgoblin zombies (Ossuary)
  3 jackal zombies (Ossuary)
  8 kobolds
  5 kobold zombies (Ossuary)
  7 quokka zombies (Ossuary)
  26 rats
  A rat zombie (Ossuary)
254 creatures vanquished.

Vanquished Creatures (others)
  A fungus (D:5)
1 creature vanquished.

Grand Total: 255 creatures vanquished

Notes
Turn   | Place    | Note
-------+----------+-------------------------------------------
     0 | D:1      | Demosthentine the Merfolk Gladiator began the quest for the
                  | Orb.
     0 | D:1      | Reached XP level 1. HP: 16/16 MP: 1/1
    58 | D:1      | Found Esoiragri's Antique Armour Shoppe.
   172 | D:1      | Reached XP level 2. HP: 23/23 MP: 2/2
   178 | D:1      | Found a faded altar of an unknown god.
  1095 | D:2      | Reached XP level 3. HP: 20/28 MP: 3/3
  1664 | D:2      | Reached skill level 5 in Polearms
  1797 | D:2      | Reached skill level 1 in Armour
  1839 | D:2      | Reached XP level 4. HP: 28/35 MP: 4/4
  1916 | D:2      | Found a basalt altar of Yredelemnul.
  2613 | D:3      | Reached skill level 5 in Dodging
  2712 | D:3      | Reached XP level 5. HP: 9/41 MP: 5/5
  3384 | D:3      | Found a snail-covered altar of Cheibriados.
  3596 | D:4      | Found a glowing drain.
  3616 | Sewer    | Entered a sewer
  3780 | Sewer    | Reached skill level 6 in Polearms
  3780 | Sewer    | Reached XP level 6. HP: 22/48 MP: 6/6
  4860 | D:4      | Found a hide-covered altar of Uskayaw.
  4863 | D:4      | Found a white marble altar of Elyvilon.
  4866 | D:4      | Found a blossoming altar of Fedhas.
  4869 | D:4      | Found a glowing golden altar of the Shining One.
  4957 | D:4      | Reached XP level 7. HP: 19/55 MP: 7/7
  4991 | D:4      | Became a worshipper of the Shining One
  5474 | D:4      | Found a sparkling altar of Nemelex Xobeh.
  5514 | D:4      | Reached skill level 7 in Polearms
  6243 | D:5      | Entered Level 5 of the Dungeon
  6331 | D:5      | Found a sand-covered staircase.
  6380 | Ossuary  | Entered an ossuary
  6452 | Ossuary  | Reached * piety under the Shining One
  6482 | Ossuary  | Reached skill level 5 in Fighting
  6673 | Ossuary  | Reached XP level 8. HP: 34/62 MP: 8/8
  6817 | Ossuary  | Reached ** piety under the Shining One
  6892 | Ossuary  | Reached *** piety under the Shining One
  6959 | Ossuary  | Reached skill level 8 in Polearms
  7336 | D:5      | Found a broken altar of Ashenzari.
  7359 | D:5      | Found a runed translucent door.
  7360 | D:5      | Noticed quinnr's ghost (amateur TeAE)
  7365 | D:5      | Found a staircase to the Ecumenical Temple.
  7631 | D:5      | Found a runed translucent door.
  7849 | Temple   | Entered the Ecumenical Temple
  8020 | D:5      | Killed quinnr's ghost
  8156 | D:5      | Found a runed translucent door.
  8157 | D:5      | Noticed Crazy Yiuf
  8165 | D:5      | Killed Crazy Yiuf
  8175 | D:5      | Identified the +3 mace of Dumoid {vorpal, rElec}
  8177 | D:5      | Identified a scroll of acquirement
  8177 | D:5      | Acquired 850 gold pieces
  8286 | D:6      | Reached skill level 9 in Polearms
  8390 | D:6      | Reached XP level 9. HP: 15/71 MP: 9/9
  8866 | D:6      | Noticed a two-headed ogre
  8867 | D:6      | Found a transporter.
  8878 | D:6      | Noticed reversiblehash's ghost (novice DsFi)
  8881 | D:6      | Found a transporter.
  9099 | D:6      | Found Ylets's Weapon Shop.
  9104 | D:6      | Bought a +2 demon trident of electrocution for 742 gold
                  | pieces
  9317 | D:6      | Killed reversiblehash's ghost
  9321 | D:6      | Killed a two-headed ogre
  9322 | D:6      | Reached skill level 10 in Polearms
  9612 | D:6      | Reached skill level 5 in Armour
  9613 | D:7      | Noticed a hornet
  9632 | D:6      | HP: 1/73 [hornet (13)]
  9633 | D:6      | The Shining One protects you from harm!
  9634 | D:6      | Killed a hornet
  9635 | D:6      | Reached XP level 10. HP: 11/80 MP: 10/10
  9939 | D:7      | Reached **** piety under the Shining One
  9952 | D:7      | Reached skill level 10 in Dodging
 10002 | D:7      | Reached skill level 11 in Polearms
 10137 | D:7      | Found Xatu's Armour Emporium.
 10576 | D:8      | Reached skill level 1 in Invocations
 11607 | D:9      | Reached ***** piety under the Shining One
 11611 | D:9      | Paralysed by a hornet for 2 turns
 11618 | D:10     | Entered Level 10 of the Dungeon
 11860 | D:9      | Paralysed by a hornet for 1 turns
 12163 | D:9      | Noticed a tengu warrior
 12163 | D:9      | Noticed a two-headed ogre
 12196 | D:9      | Killed a tengu warrior
 12197 | D:9      | Reached skill level 12 in Polearms
 12199 | D:9      | Reached XP level 11. HP: 89/89 MP: 12/14
 12238 | D:9      | Gained mutation: Your flesh is cold resistant. (rC+)
                  | [potion of mutation]
 12238 | D:9      | Gained mutation: You are dopey. (Int -2) [potion of
                  | mutation]
 12238 | D:9      | Gained mutation: You are partially covered in iridescent
                  | scales. (AC +2) [potion of mutation]
 12238 | D:9      | Gained mutation: You are mostly covered in iridescent
                  | scales. (AC +4) [potion of mutation]
 12238 | D:9      | Demolished by a two-headed ogre

Illustrated notes

Levels and vault maps discovered:
D:1:      lightli_arrival_maybe_door_vault, layout_basic, serial_shops, shop,
          hellmonk_ecumenical_altar_crossroads
D:2:      layout_loops_ring, basic_altar
D:3:      layout_loops_ring, marbit_many_paths
D:4:      layout_layer_cave, old_standard_altar,
          grunt_temple_overflow_cloverleaf, portal_sewer_entry_f
D:5:      layout_gridville, ashenzari_altar_1, minmay_temple_entry_grid,
          nicolae_ossuary_entry_monument, ebering_ghost_sewer_f,
          uniq_crazy_yiuf_cottage
D:6:      layout_basic, serial_shops, shop_fountains, gammafunk_ghost_arena
D:7:      layout_rooms, serial_shops, nicolae_shop_statue_plus
D:8:      layout_loops_cross
D:9:      layout_small_grid, minmay_joined_circles, uniq_gastronok
D:10:     layout_small_grid, uniq_maurice, uniq_harold, uniq_erica
Temple:   regret_index_temple_waves

Skill      XL: |  1  2  3  4  5  6  7  8  9 10 |
---------------+-------------------------------+-----
Polearms       | 5 6 7 9 10 12 | 12.2
Armour         | 1 2 3 4 5 |  5.3
Fighting       | 3 4 5 6 7 9 |  9.3
Dodging        | 5 6 7 8 9 11 | 11.2
Invocations    | 4 |  4.1
Throwing       | |  2.0

Action                   |  1- 3 |  4- 6 |  7- 9 | 10-12 || total
-------------------------+-------+-------+-------+-------++-------
Melee: Trident           |    89 |   276 |   344 |   255 ||   964
       Tailslap          |       |     6 |       |       ||     6
Throw: Throwing net      |     1 |       |     2 |     1 ||     4
  Use: Scroll            |     1 |     3 |    12 |     4 ||    20
       Potion            |       |     4 |     2 |     7 ||    13
 Stab: Sleeping          |     1 |     6 |       |       ||     7
Armor: Leather armour    |    17 |    50 |    82 |    44 ||   193
       Skin              |       |   107 |       |       ||   107
Dodge: Dodged            |    47 |   206 |   225 |   159 ||   637

Table legend: (Time is in decaauts)
 A = Elapsed time spent in this place.
 B = Non-inter-level travel time spent in this place.
 C = Inter-level travel time spent in this place.
 D = Time resting spent in this place.
 E = Time spent auto-exploring this place.
 F = Levels seen in this place.
 G = Mean time per level.
                   A        B        C        D        E       F      G
               +--------+--------+--------+--------+--------+-----+--------+
         Total |  12118 |  11832 |    286 |   1128 |   8961 |  13 |  932.2 |
       Dungeon |  10364 |  10079 |    285 |   1128 |   7576 |  10 | 1036.4 |
        Temple |    134 |    134 |      0 |      0 |    106 |   1 |  134.0 |
         Sewer |    916 |    916 |      0 |      0 |    755 |   1 |  916.0 |
       Ossuary |    703 |    703 |      0 |      0 |    523 |   1 |  703.0 |
               +--------+--------+--------+--------+--------+-----+--------+

Top non-repeatable levels by time:
     D:4: 1781 daAuts
     D:6: 1688 daAuts
     D:2: 1337 daAuts
     D:8: 1146 daAuts
     D:3: 1134 daAuts
     D:5: 1111 daAuts
     D:1: 1043 daAuts
   Sewer: 916 daAuts
 Ossuary: 703 daAuts
     D:7: 467 daAuts
     D:9: 432 daAuts
    D:10: 222 daAuts
  Temple: 134 daAuts
